Map: World of Sleepers LE

Players

ktFlaSh

  • Race: Terran Terran
  • Spawn Location: 1:00

Mez - Winner!

  • Race: Terran Terran
  • League: Master
  • Spawn Location: 7:00

VOD

Have the link to the VOD?

Description

Time

  • Played on: Aug. 22, 2019, 11:38 a.m.
  • Length: 10:32
Show
View Real Time Build Order
Export as new Build Order

ktFlaSh Terran 

Build Orders:  

Get SALT Encoding   

  12  0:01  SCV  
  13  0:13  SCV  
  14  0:17  Supply Depot  
  14  0:25  SCV  
  15  0:32  Refinery  
  15  0:38  SCV  
  16  0:44  Barracks  
  16  0:51  SCV  
  17  1:03  SCV  
  18  1:17  SCV  
  19  1:32  Orbital Command, Reaper  
  20  1:44  Command Center  
  20  1:56  Factory  
  20  1:59  SCV  
  21  2:05  Marine  
  22  2:12  Supply Depot  
  22  2:13  SCV  
  23  2:16  Refinery  
  23  2:30  Barracks Reactor  
  23  2:34  SCV  
  24  2:40  Hellion  
  26  2:46  SCV  
  26  2:50  Starport  
  27  2:57  Orbital Command  
  27  2:58  SCV  
  28  3:03  Factory Tech Lab  
  28  3:08  Marine x2  
  28  3:10  SCV  
  31  3:22  SCV  
  31  3:24  SCV  
  33  3:27  Marine x2  
  33  3:31  Factory Tech Lab, Supply Depot  
  33  3:33  Raven  
  37  3:36  SCV  
  37  3:37  SCV  
  39  3:45  Marine x2  
  39  3:48  SCV  
  42  3:49  SCV  
  43  3:58  Siege Tank  
  43  4:01  SCV  
  47  4:04  SCV  
  47  4:05  Marine x2  
  47  4:07  Supply Depot  
  50  4:16  SCV  
  51  4:17  SCV  
  51  4:21  Command Center  
  52  4:26  Marine x2  
  52  4:30  Barracks  
  54  4:33  Siege Tank  
  54  4:34  Barracks  
  54  4:38  SCV  
  57  4:39  SCV  
  58  4:50  SCV  
  58  4:51  Marine x2, SCV  
  62  4:54  Starport Reactor  
  62  4:59  Refinery, Engineering Bay  
  62  5:00  Engineering Bay  
  62  5:02  Refinery  
  62  5:11  Supply Depot  
  62  5:17  SCV  
  62  5:21  Barracks Reactor  
  62  5:22  Stimpack  
  62  5:31  Supply Depot  
  62  5:32  Marine x3, Siege Tank, SCV  
  62  5:34  Orbital Command  
  62  5:35  Supply Depot  
  69  5:42  Terran Infantry Weapons Level 1  
  69  5:43  Terran Infantry Armor Level 1  
  69  5:47  SCV  
  69  5:48  SCV  
  71  5:50  Marine x2  
  71  5:52  Marine  
  71  5:56  Supply Depot  
  74  5:57  Marine x2  
  74  6:01  SCV  
  77  6:06  Medivac x2  
  77  6:08  Marine x2  
  83  6:13  Orbital Command  
  83  6:15  SCV x2  
  85  6:22  Marine x2  
  85  6:24  Barracks  
  85  6:25  Barracks  
  87  6:27  SCV  
  87  6:28  Siege Tank  
  87  6:29  Marine  
  92  6:35  SCV  
  92  6:39  Supply Depot  
  93  6:45  SCV  
  94  6:47  SCV  
  94  6:50  SCV, Sensor Tower  
  94  6:52  Marine x2  
  94  6:53  Marine  
  99  6:54  Supply Depot  
  99  6:58  SCV  
  99  6:59  Marine x2  
  99  7:00  Medivac  
  104  7:03  Siege Tank  
  104  7:06  SCV  
  108  7:13  Marine x2  
  110  7:16  Combat Shield, Barracks Reactor x2  
  90  7:56  SCV x2  
  87  7:59  Marine x2  
  87  8:00  Siege Tank, Medivac x2  
  87  8:01  Marine x2  
  87  8:02  Marine x2  
  87  8:04  Marine x3  
  97  8:08  SCV x2  
  93  8:21  Marine x4  
  93  8:22  SCV x2  
  93  8:23  Marine x2  
  101  8:30  Medivac x2  
  101  8:32  Siege Tank, Armory  
  101  8:33  Factory  
  108  8:35  Command Center  
  108  8:40  SCV x2  
  108  8:41  Marine x3  
  108  8:46  SCV  
  109  8:52  SCV  
  110  8:56  Marine  
  110  8:57  Marine  
  110  8:58  Marine  
  110  8:59  Marine x2  
  110  9:00  Marine x4  
  119  9:03  Medivac x2  
  119  9:04  Supply Depot  
  123  9:14  Marine x2  
  125  9:21  Sensor Tower  
  125  9:25  Marine, Refinery  
  125  9:26  Siege Tank, SCV x2, Command Center  
  125  9:29  Factory Tech Lab  
  125  9:30  SCV  
  131  9:32  Supply Depot, Refinery  
  131  9:36  Marine x2  
  133  9:43  Marine  
  133  9:45  SCV  
  133  9:46  Marine x3  
  133  9:47  SCV x2  
  133  9:48  Marine x3  
  134  9:59  SCV  
  120  10:07  Marine x4  
Show
View Real Time Build Order
Export as new Build Order

Mez Terran - Winner!

Build Orders: Cyclone Opening 

Get SALT Encoding   

  12  0:01  SCV  
  13  0:13  SCV  
  14  0:17  Supply Depot  
  14  0:25  SCV  
  15  0:38  SCV  
  15  0:40  Barracks  
  16  0:47  Refinery  
  16  0:50  SCV  
  16  0:55  Refinery  
  17  1:02  SCV  
  18  1:14  SCV  
  19  1:28  Orbital Command, Reaper  
  20  1:37  Supply Depot  
  20  1:44  Factory  
  20  1:54  SCV  
  20  2:00  Reaper  
  22  2:06  SCV  
  23  2:18  SCV  
  23  2:31  Factory Tech Lab  
  23  2:32  Command Center  
  23  2:36  Barracks Reactor  
  23  2:37  SCV  
  23  2:42  Supply Depot  
  24  2:50  SCV  
  25  2:52  Cyclone  
  28  3:02  SCV  
  29  3:08  Starport  
  29  3:13  Marine x2  
  29  3:18  SCV  
  32  3:25  Supply Depot  
  32  3:29  Cyclone  
  32  3:31  Marine x2  
  32  3:32  SCV  
  38  3:44  SCV  
  38  3:45  Orbital Command  
  38  3:46  Refinery  
  39  3:58  SCV  
  39  3:59  Marine x2  
  42  4:07  Factory Tech Lab  
  42  4:08  Raven  
  44  4:10  SCV x2  
  46  4:17  Supply Depot  
  46  4:22  SCV  
  46  4:23  SCV  
  48  4:24  Marine x2  
  48  4:29  Siege Tank  
  53  4:34  SCV  
  53  4:35  SCV  
  55  4:43  Marine x2  
  56  4:46  SCV  
  56  4:47  SCV  
  56  4:51  Raven  
  60  4:53  Supply Depot  
  60  4:58  SCV  
  60  4:59  SCV  
  62  5:01  Siege Tank  
  65  5:19  SCV x2  
  69  5:29  Command Center  
  69  5:30  Barracks  
  69  5:31  Barracks  
  69  5:33  Siege Tank, SCV x2  
  72  5:45  Engineering Bay  
  72  5:46  Engineering Bay  
  72  5:47  Marine, Stimpack, Supply Depot  
  73  5:51  SCV x2  
  75  6:01  Barracks, Medivac  
  75  6:03  Barracks  
  77  6:06  Refinery  
  77  6:09  Medivac  
  80  6:11  SCV x2  
  80  6:13  Marine  
  80  6:14  Siege Tank  
  85  6:25  Supply Depot  
  85  6:26  Barracks Reactor x2  
  85  6:28  Supply Depot  
  85  6:41  Supply Depot, Medivac  
  85  6:44  Terran Infantry Weapons Level 1  
  87  6:47  Supply Depot  
  87  6:57  Barracks Reactor x2  
  87  7:02  Supply Depot  
  87  7:03  Marine x4  
  87  7:05  Orbital Command  
  87  7:06  SCV  
  87  7:07  SCV  
  87  7:08  Supply Depot  
  93  7:10  Marine  
  93  7:12  Siege Tank  
  97  7:19  SCV x2  
  97  7:21  Marine  
  100  7:26  Combat Shield  
  94  7:40  Marine  
  94  7:41  Marine x8  
  99  7:51  Siege Tank, Medivac  
  102  7:52  Medivac  
  102  7:54  Terran Infantry Armor Level 1  
  102  7:56  Supply Depot  
  102  7:57  SCV x3  
  106  7:58  Marine x3  
  106  7:59  Marine x2  
  105  8:09  SCV x2  
  107  8:23  Marine x2  
  107  8:24  Marine x7, Siege Tank  
  119  8:28  SCV x3  
  119  8:30  Factory  
  119  8:31  Refinery  
  120  8:41  Marine  
  120  8:47  Marine x8  
  120  8:58  Refinery  
  120  8:59  Marine, Siege Tank, Supply Depot  
  120  9:00  Supply Depot  
  120  9:02  Supply Depot  
  122  9:04  Marine  
  123  9:18  Marine  
  123  9:19  Marine x7  
  123  9:20  Factory Tech Lab  
  123  9:22  Marine  
  123  9:23  SCV x3  
  135  9:24  Command Center  
  135  9:28  Supply Depot x2  
  135  9:33  Siege Tank  
  135  9:34  Medivac x2  
  135  9:35  SCV x3  
  145  9:41  Marine  
  144  9:47  SCV  
  144  9:50  Marine x5  
  144  9:51  Marine x3  
  151  9:55  Siege Tank  
  151  9:59  Marine  
Tags
 
Add a new tag
Caveats
  • Supply blocks, unpowered buildings, or Contaminate may cause inaccurate times.
  • Supply counts are checked every 10 seconds.